 Dungeon Crawl Stone Soup version 0.26-b1-32-g5d43845318 (webtiles) character file.

Game seed: 16901810124168165537

194116 Dirian the Severer (level 17, -2/162 HPs)
             Began as a Minotaur Fighter on Jan 8, 2021.
             Was the Champion of Makhleb.
             Slain by a merfolk impaler
             ... wielding a +2 trident of venom
              (18 damage)
             ... on level 1 of the Shoals.
             The game lasted 00:51:18 (27877 turns).

Dirian the Severer (Minotaur Fighter)              Turns: 27877, Time: 00:51:18

Health: -2/162     AC:  0    Str: 27    XL:     17   Next: 66%
Magic:  25/25      EV: 13    Int:  5    God:    Makhleb [******]
Gold:   3202       SH:  0    Dex: 11    Spells: 16/16 levels left

rFire    + . .     SeeInvis .   (weapon currently unavailable)
rCold    . . .     Faith    .   (shield currently unavailable)
rNeg     . . .     Spirit   .   (armour currently unavailable)
rPois    +         Reflect  .   (helmet currently unavailable)
rElec    .         Harm     .   (cloak currently unavailable)
rCorr    .         Rampage  .   (gloves currently unavailable)
Will     +....                  (boots currently unavailable)
Stlth    +.........             L - amulet of Opoeneam {RegenMP rPois rF+}
HPRegen  0.37/turn              (ring currently unavailable)
MPRegen  0.44/turn              (ring currently unavailable)

@: lethally poisoned (-2 -> -35), pig-form, mesmerised, studying Armour, very
slow
A: small, (retaliatory headbutt)
}: 1/15 runes: serpentine
a: Renounce Religion, Minor Destruction, Lesser Servant of Makhleb, Major
Destruction, Greater Servant of Makhleb


You were on level 1 of the Shoals.
You worshipped Makhleb.
Makhleb was exalted by your worship.
You were a filthy swine.
You visited 5 branches of the dungeon, and saw 28 of its levels.
You also visited: Gauntlet and Ice Cave.

You collected 3714 gold pieces.
You spent 512 gold pieces at shops.

Inventory:

Hand Weapons
 a - a +5 vorpal broad axe (melded)
 b - a +1 broad axe of flaming
Armour
 i - the +7 plate armour "Recais" (melded) {rCorr Str+4}
   (You found it in an ice cave)

   It affects your strength (+4).
   It provides partial protection from all sources of acid and corrosion.
 u - a +3 tower shield
 A - a +2 cloak (melded)
 F - a +2 kite shield (melded)
 H - a +2 pair of gloves (melded)
 N - a +2 pair of boots of running (melded)
 Q - a +2 hat (melded)
Jewellery
 k - an uncursed amulet of reflection
 o - an uncursed ring of positive energy
 y - a +6 ring of dexterity (melded)
 D - a +4 ring of evasion (melded)
 L - the amulet of Opoeneam (around neck) {RegenMP rPois rF+}
   (You found it in a Gauntlet)

   [amulet of magic regeneration]

   It increases your magic regeneration.
   It protects you from fire.
   It protects you from poison.
 M - an uncursed ring of flight
 O - an uncursed ring of fire
Wands
 e - a wand of disintegration (9)
 v - a wand of digging (2)
 I - a wand of acid (49)
 P - a wand of iceblast (18)
Scrolls
 l - 8 scrolls of immolation
 r - 22 scrolls of identify
 t - 15 scrolls of teleportation
 x - 7 scrolls of remove curse
 z - a scroll of blinking
 G - 6 scrolls of fear
 J - 4 scrolls of magic mapping
 K - a scroll of summoning
Potions
 c - 6 potions of cancellation
 d - 4 potions of might
 f - 5 potions of attraction
 g - 5 potions of flight
 h - 3 potions of haste
 j - 7 potions of mutation
 m - 6 potions of ambrosia
 n - 2 potions of resistance
 p - 2 potions of lignification
 q - 10 potions of curing
 s - 2 potions of berserk rage
 w - a potion of heal wounds
 C - 2 potions of magic
Books
 B - a manual of Armour


   Skills:
 + Level 17.6 Fighting
 - Level 20.0 Axes
 + Level 16.0 Armour
 + Level 15.7 Shields
 * Level 12.6 Invocations


You had 16 spell levels left.
You didn't know any spells.
Your spell library contained the following spells:

 Spells                   Type           Power        Failure   Level
 Beastly Appendage        Tmut           0%           47%         1
 Corona                   Hex            0%           47%         1
 Magic Dart               Conj           0%           47%         1
 Sandblast                Erth           0%           47%         1
 Ensorcelled Hibernation  Hex/Ice        0%           63%         2
 Passwall                 Tmut/Erth      0%           63%         2
 Searing Ray              Conj           0%           63%         2
 Wereblood                Tmut           0%           63%         2
 Confusing Touch          Hex            0%           85%         3
 Dazzling Flash           Conj/Hex       0%           85%         3
 Gell's Gravitas          Tloc           0%           85%         3
 Spider Form              Tmut/Pois      0%           85%         3
 Static Discharge         Conj/Air       0%           85%         3
 Stone Arrow              Conj/Erth      0%           85%         3
 Tukima's Dance           Hex            0%           85%         3
 Animate Dead             Necr           0%           99%         4
 Fulminant Prism          Conj/Hex       0%           99%         4
 Ice Form                 Ice/Tmut       0%           99%         4
 Iskenderun's Mystic Bla  Conj/Tloc      0%           99%         4
 Petrify                  Tmut/Erth      0%           99%         4
 Summon Lightning Spire   Summ/Air       0%           99%         4
 Blade Hands              Tmut           0%           100%        5
 Borgnjor's Vile Clutch   Necr/Erth      0%           100%        5
 Lee's Rapid Deconstruct  Erth           0%           100%        5
 Lightning Bolt           Conj/Air       0%           100%        5
 Metabolic Englaciation   Hex/Ice        0%           100%        5
 Silence                  Hex/Air        0%           100%        5
 Yara's Violent Unravell  Hex/Tmut       0%           100%        5
 Conjure Ball Lightning   Conj/Air       0%           100%        6
 Death Channel            Necr           0%           100%        6
 Freezing Cloud           Conj/Ice/Air   0%           100%        6
 Ozocubu's Refrigeration  Ice            0%           100%        6
 Shadow Creatures         Summ           N/A          100%        6
 Simulacrum               Ice/Necr       0%           100%        6
 Ignition                 Fire           0%           100%        8
 Shatter                  Erth           0%           100%        9
 Tornado                  Air            0%           100%        9


Dungeon Overview and Level Annotations

Branches:
Dungeon (15/15)            Temple (0/1) D:7            Lair (6/6) D:10
 Shoals (1/4) Lair:4        Snake (4/4) Lair:2        Slime (0/5) Lair:6
    Orc (2/2) D:12            Elf (0/3) Orc:2        Vaults (0/5) D:14
 Depths (0/5) D:15          IceCv (visited)         Gauntlet (visited)

Altars:
Ashenzari
Elyvilon
Gozag
Hepliaklqana
Makhleb
Okawaru
Ru
Uskayaw
Xom
Beogh
Jiyva
Lugonu

Shops:
Orc:1 }   Orc:2 (*!?

Annotations:
D:14 3 runed translucent doors
Lair:3 exclusion: oklob plant
Shoals:1 Kirke
Snake:4 Roxanne


Innate Abilities, Weirdness & Mutations

((You reflexively headbutt those who attack you in melee.))
((You have a pair of horns on your head.))


Message History

* * * LOW HITPOINT WARNING * * *
Your unstable footing causes you to fumble your attack.
You feel sick.
The merfolk siren chants its luring song.
Kirke casts a spell at herself.
Kirke flickers and vanishes!
Deactivating autopickup; reactivate with Ctrl-A.
The merfolk impaler hits you from afar with a +2 trident of venom!!
* * * LOW HITPOINT WARNING * * *
You feel much better.
* * * LOW HITPOINT WARNING * * *
You feel very sick. The merfolk hits you with a +0 trident!
* * * LOW HITPOINT WARNING * * *
The merfolk impaler closely misses you.
The merfolk siren chants its luring song.
Something hits you.
* * * LOW HITPOINT WARNING * * *
The merfolk impaler hits you from afar with a +2 trident of venom!!
You die...

≈.###..≈≈≈..≈
≈≈≈.#...≈≈≈..
≈≈≈..≈≈≈≈≈≈.#
..≈≈..≈≈≈≈≈≈.#
≈.≈≈≈≈≈≈≈≈≈..###.
P≈≈≈≈≈≈≈≈≈≈≈....≈
≈≈P≈≈≈≈m≈h≈≈≈..≈≈
≈≈≈≈≈≈≈m≈{m.≈≈≈≈≈
≈≈≈≈≈≈≈Ph.##..≈≈≈
P≈≈≈≈≈≈≈.## .≈≈
≈≈≈≈≈≈≈<## ≈
≈≈≈≈≈≈≈.#
≈≈≈≈≈≈≈PP
≈≈≈≈≈≈≈≈≈P
≈≈≈≈≈≈≈≈≈.P
≈≈≈≈≈≈≈≈≈≈..
≈≈≈≈≈≈≈≈≈≈P.#


You could see a merfolk impaler, a merfolk, a merfolk siren (mesmerising) and a
hog.

Vanquished Creatures
  Frances (D:14)
  Gastronok (D:8)
  Agnes (Snake:4)
  8 nagarajas
  A minotaur (Gauntlet)
  A dire elephant (Lair:6)
  An ettin (Orc:1)
  A death ooze (Gauntlet)
  Harold (D:7)
  Erolcha (Orc:1)
  A fire dragon (D:15)
  2 boulder beetles
  A ghost crab (Gauntlet)
  An ice dragon (D:15)
  15 naga warriors
  9 anacondas
  3 hydras
  2 centaur warriors
  Erica (D:8)
  A deep troll shaman (Lair:6)
  25 two-headed ogres
  A catoblepas (Lair:6)
  5 ogre magi
  2 shock serpents
  A tengu warrior (D:15)
  17 death yaks
  Urug (D:12)
  10 naga sharpshooters
  Nergalle (Orc:1)
  A skeletal warrior (D:14)
  2 deep trolls (Orc:2)
  2 unseen horrors (D:14)
  A salamander mystic (Snake:4)
  A necromancer (IceCv)
  7 naga ritualists
  2 orc knights
  2 deep elf magi
  6 mana vipers
  A wolf spider zombie (D:11)
  3 cyclopes
  12 salamanders
  6 ugly things
  5 manticores
  2 oklob plants (Lair:5)
  14 elephants
  Maurice (D:8)
  3 guardian serpents
  40 black mambas
  A smoke demon (Gauntlet)
  4 ice statues (IceCv)
  19 naga magi
  7 cane toads
  A gargoyle (D:14)
  4 rime drakes
  An efreet (D:13)
  19 komodo dragons
  2 kobold demonologists
  8 ice devils (IceCv)
  2 tengu conjurers (D:15)
  A red devil (Gauntlet)
  4 polar bears
  12 trolls
  3 hornets
  A wind drake (shapeshifter) (D:15)
  3 slime creatures (D:15)
  18 blink frogs
  A shadow (D:12)
  2 wyverns
  A wraith (D:14)
  3 hogs (Shoals:1)
  31 yaks
  4 basilisks
  Grum (D:8)
  3 steam dragons
  A basilisk (shapeshifter) (D:15)
  57 nagas
  2 wargs
  An acid dragon (D:13)
  16 water moccasins
  23 orc warriors
  A swamp drake (D:13)
  4 sky beasts
  An eye of draining (D:12)
  11 ice beasts
  5 black bears
  2 necrophages
  30 wolves
  14 centaurs
  30 ogres
  6 boggarts
  5 big kobolds
  A gnoll sergeant (D:5)
  20 bullfrogs
  A wyvern skeleton (D:6)
  3 scorpions
  5 killer bees (D:12)
  6 electric eels
  28 wights
  3 howler monkeys
  2 draconian simulacra (IceCv)
  A centaur zombie (D:7)
  A bullfrog zombie (D:10)
  Crazy Yiuf (D:7)
  2 crimson imps (Gauntlet)
  7 hounds
  10 centaur skeletons
  17 orc priests
  4 jellies
  2 bullfrog skeletons
  14 iguanas
  16 orc wizards
  13 worker ants
  6 hell rats (Lair:6)
  A spriggan simulacrum (IceCv)
  3 troll simulacra (IceCv)
  The ghost of Flubr the Sneak, a weakling DDDe (D:4)
  A centaur simulacrum (IceCv)
  A hound zombie (D:5)
  3 hound skeletons
  A worker ant zombie (D:10)
  8 gnolls
  2 naga simulacra (IceCv)
  An ogre simulacrum (IceCv)
  10 adders
  A howler monkey skeleton (D:3)
  2 shadow imps
  2 white imps
  An ufetubus (D:8)
  An ooze (D:5)
  7 adder skeletons
  5 worms
  4 dart slugs
  15 leopard geckos
  91 orcs
  2 ball pythons
  4 giant cockroaches
  12 goblins
  12 hobgoblins
  5 jackals
  3 quokkas
  4 bats
  18 frilled lizards
  20 kobolds
  A leopard gecko skeleton (D:4)
  A quokka skeleton (D:5)
  14 rats
  A butterfly (Lair:3)
1013 creatures vanquished.

Vanquished Creatures (others)
  A naga ritualist (Snake:4)
  A water moccasin (Snake:2)
  An iguana (D:13)
  25 fungi
  72 plants
100 creatures vanquished.

Grand Total: 1113 creatures vanquished

Notes
Turn   | Place    | Note
-------+----------+-------------------------------------------
     0 | D:1      | Dirian the Minotaur Fighter began the quest for the Orb.
     0 | D:1      | Reached XP level 1. HP: 19/19 MP: 0/0
   143 | D:1      | Reached XP level 2. HP: 24/27 MP: 1/1
   357 | D:1      | Reached XP level 3. HP: 33/33 MP: 2/2
   420 | D:1      | Reached skill level 3 in Axes
  1387 | D:3      | Reached XP level 4. HP: 40/40 MP: 3/3
  1554 | D:3      | Reached skill level 4 in Axes
  2232 | D:4      | Found a shimmering altar of Xom.
  2239 | D:4      | Found a burning altar of Makhleb.
  2240 | D:4      | Found a white marble altar of Elyvilon.
  2242 | D:4      | Found a broken altar of Ashenzari.
  2275 | D:4      | Became a worshipper of Makhleb the Destroyer
  2286 | D:4      | Noticed an orc warrior
  2288 | D:4      | Found an iron altar of Okawaru.
  2331 | D:3      | Reached XP level 5. HP: 43/47 MP: 4/4
  2335 | D:3      | Killed an orc warrior
  2336 | D:3      | Reached skill level 5 in Axes
  2577 | D:4      | Found a transporter.
  2580 | D:4      | Found a transporter.
  2583 | D:4      | Noticed Flubr's ghost (weakling DDDe)
  2604 | D:4      | Reached XP level 6. HP: 36/53 MP: 5/5
  2639 | D:4      | Reached skill level 5 in Shields
  2736 | D:4      | Reached skill level 5 in Armour
  2788 | D:4      | Reached skill level 6 in Axes
  2873 | D:4      | Reached * piety under Makhleb
  3010 | D:4      | Reached skill level 5 in Fighting
  3143 | D:4      | Killed Flubr's ghost
  3144 | D:4      | Reached XP level 7. HP: 47/61 MP: 6/6
  3242 | D:5      | Entered Level 5 of the Dungeon
  3266 | D:5      | Reached skill level 7 in Axes
  3602 | D:5      | Reached skill level 8 in Axes
  4096 | D:6      | Reached ** piety under Makhleb
  4097 | D:6      | Reached XP level 8. HP: 65/70 MP: 7/7
  4161 | D:6      | Found a hide-covered altar of Uskayaw.
  4171 | D:6      | Reached skill level 9 in Axes
  4816 | D:7      | Reached skill level 10 in Axes
  4866 | D:7      | Reached XP level 9. HP: 70/79 MP: 8/8
  4902 | D:7      | Noticed a manticore
  4909 | D:7      | Noticed a manticore
  4922 | D:7      | Killed a manticore
  4928 | D:7      | Killed a manticore
  4929 | D:7      | Reached skill level 11 in Axes
  5277 | D:7      | Noticed Harold
  5300 | D:7      | Killed Harold
  5301 | D:7      | Reached skill level 12 in Axes
  5361 | D:7      | Found a sacrificial altar of Ru.
  5397 | D:7      | Reached XP level 10. HP: 80/88 MP: 9/9
  5491 | D:7      | Reached *** piety under Makhleb
  5650 | D:7      | Found a runed translucent door.
  5651 | D:7      | Noticed Crazy Yiuf
  5758 | D:7      | Found a staircase to the Ecumenical Temple.
  6017 | D:7      | Killed Crazy Yiuf
  6034 | D:7      | Got a jewelled mace
  6206 | D:8      | Noticed Erica
  6220 | D:8      | Noticed Maurice
  6230 | D:8      | Killed Erica
  6231 | D:8      | Reached skill level 13 in Axes
  6245 | D:8      | Killed Maurice
  6246 | D:8      | Reached skill level 10 in Armour
  6322 | D:8      | Noticed Grum
  6341 | D:8      | Killed Grum
  6594 | D:8      | Found a hazy altar of Hepliaklqana.
  6704 | D:8      | Noticed Gastronok
  6721 | D:8      | Killed Gastronok
  6722 | D:8      | Reached skill level 14 in Axes
  7054 | D:9      | Reached XP level 11. HP: 99/99 MP: 10/10
  7406 | D:9      | Reached **** piety under Makhleb
  7746 | D:10     | Entered Level 10 of the Dungeon
  7790 | D:10     | Noticed a death yak
  7791 | D:10     | Noticed a death yak
  7791 | D:10     | Noticed a death yak
  7791 | D:10     | Noticed a death yak
  7791 | D:10     | Noticed a death yak
  7792 | D:10     | Noticed a death yak
  7793 | D:10     | Noticed a death yak
  7794 | D:10     | Noticed a death yak
  7822 | D:9      | Killed a death yak
  7827 | D:9      | Killed a death yak
  7828 | D:9      | Reached skill level 10 in Fighting
  7828 | D:9      | Reached skill level 1 in Invocations
  8212 | D:10     | Killed a death yak
  8223 | D:10     | Killed a death yak
  8230 | D:10     | Killed a death yak
  8231 | D:10     | Reached skill level 15 in Axes
  8240 | D:10     | Killed a death yak
  8251 | D:10     | Killed a death yak
  8259 | D:10     | Killed a death yak
  8411 | D:10     | Found a staircase to the Lair.
  8950 | D:10     | Identified the cursed +1 mace "Beetlebane" {flame, rElec
                  | rPois} (You found it on level 7 of the Dungeon)
  9017 | D:11     | Noticed a five-headed hydra
  9028 | D:11     | Killed a one-headed hydra
  9029 | D:11     | Reached XP level 12. HP: 99/108 MP: 13/13
 10262 | D:12     | Reached ***** piety under Makhleb
 10520 | D:12     | Noticed a two-headed ogre
 10529 | D:12     | Killed a two-headed ogre
 10530 | D:12     | Reached skill level 16 in Axes
 10530 | D:12     | Reached skill level 5 in Invocations
 10640 | D:12     | Noticed a two-headed ogre
 10646 | D:12     | Killed a two-headed ogre
 10696 | D:12     | Paralysed by a hornet for 3 turns
 10874 | D:12     | Noticed Urug
 10889 | D:12     | Killed Urug
 11005 | D:12     | Found an opulent altar of Gozag.
 11299 | D:12     | Found a staircase to the Orcish Mines.
 11419 | Lair:1   | Entered Level 1 of the Lair of Beasts
 11419 | Lair:1   | Found an opulent altar of Gozag.
 11453 | Lair:1   | Reached XP level 13. HP: 106/117 MP: 16/16
 12328 | Lair:1   | Got a crude great sword
 12540 | Lair:1   | Identified the +7 great sword of Ychuck {venom, *Noise
                  | rPois rN+ Str+10} (You found it on level 1 of the Lair of
                  | Beasts)
 12939 | Lair:2   | Reached skill level 17 in Axes
 12986 | Lair:2   | Found a staircase to the Snake Pit.
 13542 | Lair:3   | Found a gate leading to a gauntlet.
 13551 | Gauntlet | Entered a Gauntlet
 13551 | Gauntlet | Found a transporter.
 13561 | Gauntlet | Found a transporter.
 13576 | Gauntlet | Found a transporter.
 13578 | Gauntlet | Found a large runed translucent door.
 13578 | Gauntlet | Found a large runed translucent door.
 13579 | Gauntlet | Found a large runed translucent door.
 13579 | Gauntlet | Found a large runed translucent door.
 13580 | Gauntlet | Found a large runed translucent door.
 13580 | Gauntlet | Found a large runed translucent door.
 13580 | Gauntlet | Found a runed translucent door.
 13580 | Gauntlet | Found a runed translucent door.
 13580 | Gauntlet | Found a large runed translucent door.
 13581 | Gauntlet | Found a transporter.
 13594 | Gauntlet | Noticed a death ooze
 13596 | Gauntlet | Found a transporter.
 13611 | Gauntlet | Found a large runed translucent door.
 13612 | Gauntlet | Found a large runed translucent door.
 13613 | Gauntlet | Found a large runed translucent door.
 13613 | Gauntlet | Found a large runed translucent door.
 13614 | Gauntlet | Found a runed translucent gate.
 13615 | Gauntlet | Found a transporter.
 13615 | Gauntlet | Found a runed translucent gate.
 13616 | Gauntlet | Found a runed translucent gate.
 13617 | Gauntlet | Found a large runed translucent door.
 13617 | Gauntlet | Found a large runed translucent door.
 13618 | Gauntlet | Found a large runed translucent door.
 13619 | Gauntlet | Found a large runed translucent door.
 13627 | Gauntlet | Found a transporter.
 13639 | Gauntlet | Found a transporter.
 13651 | Gauntlet | Found a transporter.
 13662 | Gauntlet | Noticed a green death
 13663 | Gauntlet | Found a transporter.
 13680 | Gauntlet | Found a transporter.
 13698 | Gauntlet | Found a transporter.
 13700 | Gauntlet | Found a transporter.
 13720 | Gauntlet | Noticed a death ooze
 13725 | Gauntlet | Found a transporter.
 13727 | Gauntlet | Found a transporter.
 13823 | Gauntlet | Found a large runed translucent door.
 13827 | Gauntlet | Found a transporter.
 13847 | Gauntlet | Found a transporter.
 14002 | Gauntlet | Found a transporter.
 14024 | Gauntlet | Killed a death ooze
 14122 | Gauntlet | Got a smoking lead amulet
 14141 | Gauntlet | Noticed a minotaur
 14150 | Gauntlet | Killed a minotaur
 14157 | Gauntlet | Got a shimmering quarterstaff
 14190 | Lair:3   | Identified the amulet of Opoeneam {RegenMP rPois rF+} (You
                  | found it in a Gauntlet)
 14679 | Lair:3   | Identified a +2 pair of boots of running (You found it on
                  | level 3 of the Lair of Beasts)
 15245 | Lair:3   | Identified the +3 quarterstaff of Compulsion {holy, rElec
                  | rF+} (You found it in a Gauntlet)
 15811 | Lair:4   | Found a staircase to the Shoals.
 16659 | Lair:5   | Reached skill level 18 in Axes
 16670 | Lair:5   | Reached XP level 14. HP: 118/127 MP: 18/18
 16953 | Lair:5   | Reached skill level 10 in Shields
 17502 | Lair:6   | Entered Level 6 of the Lair of Beasts
 17952 | Lair:6   | Found a viscous altar of Jiyva.
 17966 | Lair:6   | Found a staircase to the Slime Pits.
 18668 | Orc:1    | Entered Level 1 of the Orcish Mines
 18673 | Orc:1    | Found Duatumal's Gadget Shop.
 18746 | Orc:1    | Found a frozen archway.
 18747 | Orc:1    | Noticed Erolcha
 18759 | Orc:1    | Killed Erolcha
 18759 | Orc:1    | Reached ****** piety under Makhleb
 18763 | Orc:1    | Noticed Nergalle
 18772 | Orc:1    | Reached skill level 19 in Axes
 18773 | Orc:1    | Killed Nergalle
 18786 | IceCv    | Entered an ice cave
 19374 | IceCv    | Got a jewelled plate armour
 19384 | IceCv    | Identified the +7 plate armour "Recais" {rCorr Str+4} (You
                  | found it in an ice cave)
 20102 | Orc:1    | Bought a wand of acid (9) for 312 gold pieces
 20234 | Orc:2    | Entered Level 2 of the Orcish Mines
 20237 | Orc:2    | Found a roughly hewn altar of Beogh.
 20447 | Orc:2    | Found Hoacsip's Antique Weapon Boutique.
 20481 | Orc:2    | Reached XP level 15. HP: 123/137 MP: 21/21
 20616 | Orc:2    | Found Mupnyinu's Distillery.
 20617 | Orc:2    | Found Labroujo's Magic Scroll Emporium.
 20624 | Orc:2    | Bought a potion of berserk rage for 80 gold pieces
 20627 | Orc:2    | Found Gaofe's General Store.
 20630 | Orc:2    | Bought a scroll of enchant weapon for 120 gold pieces
 20691 | Orc:2    | Found a staircase to the Elven Halls.
 21703 | D:13     | Reached skill level 10 in Invocations
 22019 | D:14     | Found a roughly hewn altar of Beogh.
 22113 | D:14     | Noticed Frances
 22134 | D:14     | Killed Frances
 22135 | D:14     | Reached skill level 20 in Axes
 22201 | D:14     | Found a gate to the Vaults.
 22262 | D:14     | Found a runed translucent door.
 22263 | D:14     | Found a runed translucent door.
 22305 | D:14     | Found a runed translucent door.
 22761 | D:15     | Entered Level 15 of the Dungeon
 22948 | D:15     | Reached skill level 15 in Fighting
 22965 | D:15     | Reached XP level 16. HP: 139/149 MP: 23/23
 23078 | D:15     | Found a corrupted altar of Lugonu.
 23114 | D:15     | Found a staircase to the Depths.
 23205 | D:15     | Found a hide-covered altar of Uskayaw.
 23780 | Snake:1  | Entered Level 1 of the Snake Pit
 24437 | Snake:1  | Identified the +11 great sword of Anguish {holy, Int+8}
                  | (You found it on level 1 of the Snake Pit)
 25609 | Snake:2  | Reached skill level 15 in Armour
 26191 | Snake:3  | Reached XP level 17. HP: 157/160 MP: 24/24
 26330 | Snake:4  | Entered Level 4 of the Snake Pit
 26347 | Snake:4  | Noticed Roxanne
 26430 | Snake:4  | Noticed Agnes
 26439 | Snake:4  | Killed Agnes
 26593 | Snake:4  | Identified a scroll of acquirement
 26853 | Snake:4  | Reached skill level 15 in Shields
 26857 | Snake:4  | Acquired a manual of Armour
 27396 | Snake:4  | Got a serpentine rune of Zot
 27616 | Snake:4  | Identified the +4 hand crossbow of Rutiqal {flame, Int+4}
                  | (You found it on level 4 of the Snake Pit)
 27842 | Shoals:1 | Entered Level 1 of the Shoals
 27842 | Shoals:1 | Noticed Kirke
 27877 | Shoals:1 | Slain by a merfolk impaler

Illustrated notes

Levels and vault maps discovered:
D:1:      sevenhm_arrival_forest_fort_small_6, layout_basic
D:2:      layout_basic, guppyfry_early_lair_pool
D:3:      layout_loops_cross
D:4:      layout_cave_pools, nicolae_overflow_quartered_altars,
          gammafunk_ghost_arena, minivault_23, xom_teletrap_fun
D:5:      layout_rooms
D:6:      layout_basic, eat_drink_and_be_merry_uskayaw
D:7:      nzn_winding_woodlands_medium [nzn_winding_woodlands_5x5_default,
          nzn_winding_woodlands_5x15_crooked,
          nzn_winding_woodlands_5x5_open_star, nzn_winding_woodlands_hourglass,
          nzn_winding_woodlands_center_triple_pond,
          nzn_winding_woodlands_5x5_three, nzn_winding_woodlands_5x5_perimeter,
          nzn_winding_woodlands_5x15_split_checker,
          nzn_winding_woodlands_5x5_default], layout_loops_ring,
          minmay_temple_entry_poolview, nicolae_ru_great_annihilating_truth,
          uniq_crazy_yiuf_cottage, uniq_harold
D:8:      layout_rooms, nzn_hepliaklqana_mist_gate, serial_glass,
          glass_columns_b, glass_columns_a, uniq_erica, uniq_maurice, uniq_grum,
          uniq_gastronok
D:9:      layout_irregular_city
D:10:     layout_loops_cross, dpeg_lair_monsters
D:11:     layout_basic, water_boxes_lemuel
D:12:     layout_cave_pools, david_orc_4, serial_bayou_pond_c, st_stairs_4,
          hangedman_decor_diamond_cutter,
          nicolae_gozag_cash_rules_everything_around_me, uniq_urug
D:13:     lemuel_reptile_caves, layout_cave_pools
D:14:     layout_roguey, hangedman_vaults_entry_quadrant_bands,
          hex_intersection, special_room [special_room_orc], mikee_hates_you,
          uniq_frances
D:15:     grunt_enter_depths_hoard, layout_long_grid, minmay_misc_feat_tower,
          basic_altar, tgw_lugonu_bribe
Lair:1:   layout_regular_city, basic_altar
Lair:2:   layout_roguey, minmay_snake_entry_guardpost_small,
          chequers_serial_rivers_micro_e
Lair:3:   layout_gridlike, gauntlet_entry_generic, minmay_lair_oklob_bushes,
          chequers_serial_rivers_room_a, infiniplex_staircase_pool,
          lemuel_fruit_fields
Lair:4:   layout_gridlike, shoals_dummy_entry, lemuel_fruit_fields
Lair:5:   layout_cave_pods, serial_bayou_shore_b, serial_bayou_shore_b,
          lemuel_fruit_tree, serial_bayou_shore_a, grunt_megastairs_1,
          minmay_lair_oklob_chamber
Lair:6:   grunt_lair_end_beastmaster, layout_gridlike, slime_altar_1,
          cheibrodos_lair_lostbears, grunt_megastairs_5
Shoals:1: layout_shoals, amcnicky_altar_lugonu_corruption, uniq_kirke
Snake:1:  layout_misc_corridors
Snake:2:  layout_honeycomb, hangedman_venom_bottle
Snake:3:  layout_misc_corridors
Snake:4:  snake_pit, layout_grid_shapes, special_room, uniq_agnes, uniq_roxanne
Orc:1:    layout_caves, portal_ice_cave_entry_ice_beasts, serial_shops, shop,
          uniq_erolcha, uniq_nergalle
Orc:2:    st_orc_open, layout_caves, basic_altar, mines2_lemuel

Skill      XL: |  1  2  3  4  5  6  7  8  9 10 11 12 13 14 15 16 17 |
---------------+----------------------------------------------------+-----
Armour         | 4 5 6 7 9 10 11 12 13 14 15 16 | 16.0
Fighting       | 4 5 7 8 9 10 11 12 13 15 16 17 | 17.6
Shields        | 4 5 6 8 9 10 12 14 15 | 15.7
Axes           | 3 4 5 6 8 10 12 14 15 16 18 19 20 | 20.0
Invocations    | 3 6 7 9 10 11 12 | 12.6

Action                   |  1- 3 |  4- 6 |  7- 9 | 10-12 | 13-15 | 16-18 || total
-------------------------+-------+-------+-------+-------+-------+-------++-------
Melee: War axe           |   100 |   144 |   240 |   309 |       |       ||   793
       Headbutt          |    12 |    30 |    48 |   158 |   327 |   196 ||   771
       Unarmed           |       |       |       |     9 |       |     3 ||    12
       Scimitar          |       |       |       |     7 |    14 |       ||    21
       Broad axe         |       |       |       |   235 |  1055 |   700 ||  1990
Invok: Lesser Servant of |       |       |       |     2 |     1 |       ||     3
 Abil: Evoke Flight      |       |       |       |     4 |       |       ||     4
Evoke: Wand              |       |       |       |       |     3 |       ||     3
  Use: Scroll            |       |     9 |     7 |    13 |    17 |    10 ||    56
       Potion            |       |     1 |     1 |     8 |       |     2 ||    12
 Stab: Paralysed         |       |       |     1 |       |       |       ||     1
       Invisible         |       |       |       |     3 |       |       ||     3
       Petrified         |       |       |       |       |     4 |       ||     4
       Confused          |       |       |       |       |     1 |       ||     1
Armor: Scale mail        |    38 |       |       |       |       |       ||    38
       Ring mail         |       |    26 |       |       |       |       ||    26
       Chain mail        |       |    31 |   123 |    84 |       |       ||   238
       Skin              |       |       |       |     1 |       |       ||     1
       Plate armour      |       |       |       |    93 |   438 |   273 ||   804
Dodge: Dodged            |    26 |    36 |    76 |   127 |   258 |   199 ||   722
Block: Kite shield       |    44 |    92 |   148 |   279 |   618 |   550 ||  1731
